 Dungeon Crawl Stone Soup version 0.28.0-43-g3370ac3207 (webtiles) character file.

Game seed: 7461242688626156912

258 sizableburger the Poker (level 5, -3/41 HPs)
             Began as a Mummy Abyssal Knight on Mar 11, 2022.
             Was a Believer of Lugonu.
             Shot with an arrow by a centaur (10 damage)
             ... on level 5 of the Dungeon.
             The game lasted 00:10:56 (6168 turns).

sizableburger the Poker (Mummy Abyssal Knight)      Turns: 6168, Time: 00:10:57

Health: -3/41      AC:  7    Str: 22    XL:     5   Next: 94%
Magic:  5/6        EV: 10    Int:  9    God:    Lugonu [**....]
Gold:   177        SH:  0    Dex: 12    Spells: 4/4 levels left

rFire   . . .      SeeInvis .   b - +0 halberd
rCold   + . .      Faith    .   (shield currently unavailable)
rNeg    + + +      Spirit   .   i - +0 scale mail
rPois   ∞          Reflect  .   (no helmet)
rElec   .          Harm     .   f - scarf {+Inv}
rCorr   .          Rampage  .   d - +0 pair of gloves
Will    +....                   (no boots)
Stlth   ..........              (no amulet)
HPRegen 0.13/turn               g - ring of willpower
MPRegen 0.10/turn               c - ring "Jackintun" {rF+ Str+3 Slay+2}

@: no status effects
A: cold resistance 1, negative energy resistance 3, torment resistance 2, heat
vulnerability 1, no potions
a: Renounce Religion, Evoke Invisibility, Depart the Abyss, Bend Space


You were on level 5 of the Dungeon.
You worshipped Lugonu.
Lugonu was pleased with you.
You visited 1 branch of the dungeon, and saw 5 of its levels.
You visited the Abyss 1 time.

You collected 177 gold pieces.

Inventory:

Hand Weapons
 a - a +1 spear
 b - a +0 halberd (weapon)
Armour
 d - a +0 pair of gloves (worn)
 f - a scarf of invisibility (worn)
 i - a +0 scale mail (worn)
Jewellery
 c - the ring "Jackintun" (right hand) {rF+ Str+3 Slay+2}
   (You acquired it on level 4 of the Dungeon)

   [ring of protection from fire]

   Str:       It affects your strength (+3).
   Slay:      It affects your accuracy & damage with ranged weapons and melee
   (+2).
   rF:        It protects you from fire.
 g - a ring of willpower (left hand)
 h - a ring of willpower
Scrolls
 e - a scroll of identify


   Skills:
 - Level 3.0 Fighting
 + Level 5.1 Polearms
 - Level 1.5 Armour
 - Level 0.7 Dodging
 - Level 1.5 Invocations
 + Level 0.5 Evocations


You had 4 spell levels left.
You didn't know any spells.
Your spell library contained the following spells:

 Spells                   Type           Power      Damage    Failure   Level
 Blink                    Tloc           0%         N/A       86%         2
 Dazzling Flash           Conj/Hex       0%         N/A       97%         3
 Agony                    Necr           0%         N/A       100%        5
 Manifold Assault         Tloc           0%         N/A       100%        5
 Silence                  Hex/Air        0%         N/A       100%        5
 Storm Form               Tmut/Air       Unusable   N/A       N/A         7

Dungeon Overview and Level Annotations

Branches:
Dungeon (5/15)             Temple (0/1) D:5

Altars:
Trog

Shops:
D:1 =   D:2 [


Innate Abilities, Weirdness & Mutations

You are immune to poison.
Your flesh is cold resistant. (rC+)
You are immune to negative energy. (rN+++)
You are immune to unholy pain and torment.
You are vulnerable to heat. (rF-)
You do not drink.


Message History

The adder is moderately wounded.
The adder bites you but does no damage.
You miss the adder.
The adder is moderately wounded.
The adder bites you but does no damage.
A gnoll comes into view. It is wielding a +0 flail.
The gnoll shaman calls upon its god to speed up the gnoll.
The gnoll seems to speed up.
The adder barely misses you.
You impale the adder!!
You kill the adder!
Lugonu accepts your kill. The gnoll shaman barely misses you.
The gnoll barely misses you.
You climb downwards.
You hear the sound of rushing water.
There is an entrance to a sewer on this level.
Hurry and find it before the portal rusts away!
The scorpion stings you but does no damage.
The centaur shoots an arrow.
The arrow barely misses you. The scorpion stings you.
There is a stone staircase leading up here.
Okay, then.
Space bends around you!
You blink.
A bullfrog zombie comes into view.
Found 4 large rocks.
The scorpion closely misses you.
Unknown command.
The bullfrog zombie hits you. Space bends around you!
You blink.
A hound skeleton comes into view.
The hound skeleton moves out of view.
The hound skeleton completely misses you.
The hound skeleton bites you but does no damage.
The hound skeleton barely misses you.
The hound skeleton bites you but does no damage.
The bullfrog zombie hits you.
* * * LOW HITPOINT WARNING * * *
Found a sedimented inky potion.
The hound skeleton misses you. The bullfrog zombie hits you.
* * * LOW HITPOINT WARNING * * *
The centaur shoots an arrow.
The arrow hits you!
You die...

*,* *###.###.# *,*
****,* *........#
*,* ,,**,*
*....c..g# *,*
*,**,* **........#
*,* *,**,*
*,.......Z# **,**
*,**,* *,.......s#
*,,,** *,**,*
*,.......Z# *,,,,,
,,,,,* *,........#
*,,,**
********,#######@#
****,,* ,,,,,,,,,*
#.# *,,,,,*
********,* #.#
*,***,** *,* *#!#*
*,* *,,, **,**
***...***** *,*
**** *,,,*
*,,...,,,,****,****
*,,,*
*,*#.#***,*,,,,,,,*
****,,,***,*#.#
*,*,*****,*
*,,,>,,,,,,**,**
*,*,* *,*


You could see a centaur, a gnoll shaman, a scorpion, a bullfrog zombie and a
hound skeleton.

Vanquished Creatures
  Natasha (thrice) (D:3)
  4 gnolls
  4 adders
  A worm (D:2)
  2 dart slugs
  5 orcs
  9 endoplasms
  2 giant cockroaches
  10 goblins
  10 hobgoblins
  3 jackals (D:1)
  10 kobolds
  3 quokkas
  15 ball pythons
  6 bats
  3 frilled lizards
  5 rats
95 creatures vanquished.

Notes
Turn   | Place    | Note
-------+----------+-------------------------------------------
     0 | Abyss:1  | sizableburger the Mummy Abyssal Knight began the quest for
                  | the Orb.
     0 | Abyss:1  | Reached XP level 1. HP: 18/18 MP: 2/2
     0 | Abyss:1  | Found a corrupted altar of Lugonu.
    24 | D:1      | Escaped the Abyss
   155 | D:1      | You fall into a shaft and drop 1 floor!
   245 | D:2      | Reached skill level 2 in Polearms
   299 | D:2      | Reached XP level 2. HP: 24/24 MP: 3/3
   309 | D:2      | Found Ponoikoe's Antique Armour Shop.
   539 | D:1      | Found Losefe Kuisch's Jewellery Emporium.
   723 | D:1      | Found a faded altar of an unknown god.
   916 | D:1      | Reached ** piety under Lugonu
   917 | D:1      | Reached XP level 3. HP: 28/29 MP: 4/4
   975 | D:1      | Reached skill level 3 in Polearms
  1936 | D:1      | Reached XP level 4. HP: 18/35 MP: 5/5
  3118 | D:3      | Noticed Natasha
  3702 | D:3      | Killed Natasha
  3703 | D:3      | Reached skill level 4 in Polearms
  4174 | D:3      | Noticed Natasha
  4187 | D:3      | Killed Natasha
  4188 | D:3      | Reached XP level 5. HP: 15/41 MP: 6/6
  5269 | D:3      | Noticed Natasha
  5276 | D:3      | Killed Natasha
  5277 | D:3      | Reached skill level 5 in Polearms
  5442 | D:4      | Identified a scroll of acquirement
  5442 | D:4      | Acquired the ring "Jackintun" {rF+ Str+3 Slay+2}
  5540 | D:4      | Acquired a scarf of invisibility
  5670 | D:4      | Found a bloodstained altar of Trog.
  6126 | D:5      | Entered Level 5 of the Dungeon
  6128 | D:5      | Noticed a centaur
  6168 | D:5      | Shot with an arrow by a centaur

Illustrated notes

Levels and vault maps discovered:
D:1:      onia_arrival_pyramid, layout_basic, chequers_ecumenical_altar_simple,
          serial_shops, shop
D:2:      layout_loops_cross, serial_shops, shop, minmay_fractal_squares_5
D:3:      minmay_bubble_buster, layout_basic, due_unseen_surprise, uniq_natasha
D:4:      layout_layer_cave, mainiacjoe_overflow_tiny_flanked
D:5:      layout_loops_ring, minitemple, minmay_temple_entry_grid,
          portal_sewer_entry_a

Skill      XL: |  1  2  3  4  5 |
---------------+----------------+-----
Polearms       | 2 3 4 5 |  5.1
Fighting       | |  3.0
Armour         | |  1.5
Dodging        | |  0.7
Invocations    | |  1.5
Evocations     | |  0.5

Action                   |  1- 3 |  4- 6 || total
-------------------------+-------+-------++-------
Melee: Spear             |   127 |   139 ||   266
       Punch             |     2 |     1 ||     3
       Halberd           |       |    98 ||    98
Invok: Bend Space        |       |     3 ||     3
  Use: Scroll            |       |     9 ||     9
 Stab: Distracted        |       |     1 ||     1
Armor: Ring mail         |    38 |       ||    38
       Scale mail        |       |    98 ||    98
Dodge: Dodged            |    59 |   125 ||   184
